 Dungeon Crawl Stone Soup version 0.23-a0-393-g6e9e0f2 (webtiles) character file.

44 Amnesiac the Chopper (level 3, 0/33 HPs)
             Began as a Hill Orc Monk on Nov 1, 2018.
             Was a Believer of Beogh.
             Slain by an orc priest
             ... wielding a +0 short sword of venom
              (4 damage)
             ... on level 4 of the Dungeon.
             The game lasted 00:01:03 (452 turns).

Amnesiac the Chopper (Hill Orc Monk)                 Turns: 452, Time: 00:01:04

Health: 0/33       AC:  2    Str: 14    XL:     3   Next: 62%
Magic:  3/3        EV: 18    Int: 10    God:    Beogh [**....]
Gold:   13         SH:  0    Dex: 18    Spells: 2/2 levels left

rFire    . . .     SeeInvis .   a - +0 hand axe
rCold    . . .     Gourm    .   (no shield)
rNeg     . . .     Faith    .   b - +0 robe
rPois    .         Spirit   .   (no helmet)
rElec    .         Reflect  .   (no cloak)
rCorr    .         Harm     .   (no gloves)
MR       .....                  (no boots)
Stlth    +++.......             (no amulet)
HPRegen  0.11/turn              (no ring)
MPRegen  0.08/turn              (no ring)

@: agile, lethally poisoned (0 -> -7)
A: no striking features
a: Smiting, Renounce Religion


You were on level 4 of the Dungeon.
You worshipped Beogh.
Beogh was pleased with you.
You were not hungry.

You visited 1 branch of the dungeon, and saw 4 of its levels.

You collected 13 gold pieces.

Inventory:

Hand Weapons
 a - a +0 hand axe (weapon)
Armour
 b - a +0 robe (worn)
Scrolls
 d - a scroll of fear {!r, unknown}
 f - 2 scrolls of identify {!r, unknown}
Comestibles
 c - a ration


   Skills:
 + Level 4.3 Fighting
 * Level 5.4 Axes
 - Level 2.4 Dodging
 - Level 1.5 Stealth


You had 2 spell levels left.
You didn't know any spells.
Your spell library was empty.

Dungeon Overview and Level Annotations

Branches:
Dungeon (4/15)
 Temple: D:4-7

Altars:


Message History

The orc priest completely misses the frilled lizard.
The orc barely misses the frilled lizard. x2
You closely miss the orc.
The orc is almost dead.
The orc barely misses the frilled lizard.
The orc misses you.
You barely miss the orc.
The orc is almost dead.
The orc hits the frilled lizard but does no damage.
The orc hits you with a +0 club.
You slash the orc!
You kill the orc!
Beogh accepts your kill.
You barely miss the frilled lizard. The frilled lizard barely misses you.
The orc closely misses the orc priest.
You closely miss the frilled lizard.
The orc priest looks braver for a moment.
The frilled lizard barely misses you.
The orc hits the orc priest with a +0 dagger.
You barely miss the frilled lizard. The frilled lizard barely misses you.
The orc barely misses the orc priest.
You completely miss the frilled lizard. The frilled lizard barely misses you.
The orc hits the orc priest with a +0 dagger.
You hit the frilled lizard.
You kill the frilled lizard!
Beogh accepts your kill.
The orc priest begins to cast a cantrip, but forgets the words!
The orc hits the orc priest but does no damage.
You hear a shout!
An ogre comes into view. It is wielding a -1 giant club.
The orc priest barely misses you.
The orc hits the ogre with a +0 dagger.
The ogre barely misses the orc.
Things that are here:
a +0 club; a frilled lizard corpse; an orc corpse Something barely misses the orc.
There is a stone staircase leading up here.
You hit the orc priest but do no damage.
The orc priest is lightly wounded.
The orc priest hits you with a +0 short sword of venom.
The orc hits something with a +0 dagger.
An orc opens the door.
You barely miss the orc priest.
The orc priest is lightly wounded.
Something hits the orc!!
The orc dies!
The orc priest barely misses you.
You closely miss the orc priest.
The orc priest is lightly wounded.
The orc priest invokes the aid of Beogh against you.
Pain shoots through your body!
* * * LOW HITPOINT WARNING * * *
The orc hits the ogre.
Really quaff
e - a fizzy orange potion {!q}?
It was a potion of agility {!q}.
You feel agile all of a sudden.
The orc priest hits you with a +0 short sword of venom!
* * * LOW HITPOINT WARNING * * *
You are lethally poisoned!
There are no items here.
* * * LOW HITPOINT WARNING * * *
You feel sick.
The orc priest hits you with a +0 short sword of venom.
You die...
Beogh appreciates the orc priest's killing of a heretic priest.

...# ......oo#
... ./.#### ...
.....<# ...
......#
.######'##......#
.......Oo.......#
######o##O.....#
#@# .....$( ###
.####.# .o # o.
... ...


You could see an ogre, an orc priest and a neutral orc (wandering).

Vanquished Creatures
  A hound (D:3)
  An orc (D:4)
  2 goblins (D:1)
  A hobgoblin (D:2)
  A bat (D:1)
  A frilled lizard (D:4)
  5 kobolds
12 creatures vanquished.

Vanquished Creatures (others)
  3 orcs (D:4)
3 creatures vanquished.

Grand Total: 15 creatures vanquished

Notes
Turn   | Place    | Note
-------+----------+-------------------------------------------
     0 | D:1      | Amnesiac the Hill Orc Monk began the quest for the Orb.
     0 | D:1      | Reached XP level 1. HP: 19/19 MP: 1/1
   208 | D:1      | Reached XP level 2. HP: 21/27 MP: 2/2
   347 | D:3      | Reached skill level 5 in Axes
   347 | D:3      | Reached XP level 3. HP: 19/33 MP: 3/3
   431 | D:4      | Became a worshipper of Beogh the Brigand
   431 | D:4      | Reached * piety under Beogh
   431 | D:4      | Reached ** piety under Beogh
   445 | D:4      | Noticed an ogre
   452 | D:4      | Slain by an orc priest

Vault maps used:
D:1:      dpeg_arrival_radiant, serial_forest, infiniplex_forest_zigzag_1,
          infiniplex_forest_straight_1, infiniplex_forest_split,
          infiniplex_forest_clump_small, infiniplex_forest_clump_medium,
          infiniplex_forest_pool, infiniplex_forest_corner_1,
          infiniplex_forest_lined_3, infiniplex_forest_clump_tiny,
          minmay_split_cup_small
D:2:      grunt_temple_overflow_order_and_chaos_1, marbit_many_paths,
          nicolae_overflow_hidden_temple
D:3:      uniq_robin
D:4:      first_ration, ebering_ghost_sewer_f, corexii_corridor_pit,
          minmay_checkerbox, uniq_sigmund

Skill      XL: |  1  2 |
---------------+-------+-----
Fighting       | 4 |  4.3
Axes           | 5 |  5.4
Dodging        | |  2.4
Stealth        | |  1.5

Action                   || total
-------------------------++-------
Melee: Hand axe          ||    56
Invok: Convert to Beogh  ||     1
  Use: Potion            ||     1
Armor: Robe              ||     7
Dodge: Dodged            ||    44

Table legend:
 A = Non-vault XP
 B = Vault XP
 C = Vault XP percentage of total XP
 D = Non-vault monster count
 E = Vault monster count
 F = Vault count percentage of total count
                 A         B        C        D         E       F
            +---------+---------+-------+---------+---------+-------
      Total |      64 |       0 |   0.0 |      12 |       0 |   0.0
            +---------+---------+-------+---------+---------+-------
        D:1 |      10 |       0 |   0.0 |       7 |       0 |   0.0
        D:2 |       2 |       0 |   0.0 |       1 |       0 |   0.0
        D:3 |      48 |       0 |   0.0 |       2 |       0 |   0.0
        D:4 |       4 |       0 |   0.0 |       2 |       0 |   0.0
            +---------+---------+-------+---------+---------+-------
